[Event "*** Titled Tuesday Blitz"]
[Site "Chess.com"]
[Date "2020.04.21"]
[Round "7"]
[White "checkmatequen"]
[Black "QueenOfTactics90"]
[Result "1-0"]
[WhiteElo "2232"]
[BlackElo "1939"]
[TimeControl "180+1"]
[EndTime "11:23:36 PDT"]
[Termination "checkmatequen won by checkmate"]

1. e4 c5 2. Nf3 Nc6 3. d4 cxd4 4. Nxd4 g6 5. Nc3 Bg7 6. Be3 Nf6 7. Bc4 O-O 8. Bb3 a5 9. O-O a4 10. Nxa4 Nxe4 11. Nb5 d5 12. Bb6 Qd7 13. f3 Nf6 14. Nc7 Rb8 15. Nxd5 Nxd5 16. Qxd5 Nb4 17. Qxd7 Bxd7 18.
c3 Nd3 19. Rab1 Bb5 20. Rfd1 Nf4 21. c4 Bc6 22. Bc7 Ne2+ 23. Kf2 Rbc8 24. Kxe2 Rxc7 25. Nc3 Rd7 26. Nd5 Bxd5 27. cxd5 Rc8 28. Rd2 Kf8 29.
Rbd1 Rd6 30. Ba4 f5 31. b3 Rc5 32. f4 b5 33. b4 Rc4 34. Bxb5 Rxb4 35. a4 Rxf4 36. a5 Rb4 37. Bc6 Bc3 38. Rc2 Re4+ 39. Kf3 Bxa5 40. Ra2 Bb4 41. Rb1 Kg7 42. Ra7 Kf6 43. Ra4 Bc5 44. Rxe4 fxe4+ 45. Kxe4 e6 46. Rf1+ Ke7 47. Rc1 exd5+ 48. Bxd5 Bb6 49. g4 Rd7 50. h4 Rc7 51. Rb1 Bc5 52. Rf1 Ke8 53. Ke5 Re7+ 54.
Be6 Ba3 55. Rb1 Bd6+ 56. Kxd6 Kf8 57. Rb8+ Re8 58. Rb7 Rd8+ 59. Ke5 Re8 60. Rxh7 Re7 61. Rxe7 Kxe7 62. Bc4 Kf8 63. Kf4 Kg7 64. Kg5 Kh7 65. Bd3 Kg7 66. Bxg6 Kh8 67. h5 Kg7 68. Kf5 Kh8 69.
g5 Kg7 70. Be8 Kh7 71. h6 Kh8 72. g6 Kg8 73. g7 Kh7 74. Bb5 Kg8 75. Bc4+ Kh7 76.
g8=Q+ Kxh6 77. Qg6# 1-0

[Event "*** Titled Tuesday Blitz"]
[Site "Chess.com"]
[Date "2020.04.21"]
[Round "7"]
[White "Shoytan"]
[Black "Schachmalanders"]
[Result "0-1"]
[WhiteElo "2518"]
[BlackElo "2355"]
[TimeControl "180+1"]
[EndTime "11:23:38 PDT"]
[Termination "Schachmalanders won on time"]

1. e4 c5 2. Nf3 d6 3. d4 cxd4 4.
Nxd4 Nf6 5. Nc3 a6 6. Be2 e5 7. Nf3 Be6 8. Ng5 Bc8 9. Bc4 d5 10.
Nxd5 Be6 11. Nxe6 fxe6 12. Nxf6+ Qxf6 13. O-O Nc6 14. Be3 Be7 15. Qg4 Nd8 16. f4 exf4 17.
Rxf4 Qg6 18. Qxg6+ hxg6 19. Rd1 Rc8 20. Bb3 Bf6 21.
Rg4 Kf7 22. c3 Rc7 23. Rf1 Nc6 24. Bf4 Rd7 25. e5 Be7 26. Be3+ Ke8 27. Rxg6 Rd3 28. Bb6 Nxe5 29. Rxe6 Nc6 30. Ba4 Kd7 31. Re2 Bf6 32. Bc2 Rd5 33. Bf5+ Kd6 34. Re6+ Kd7 35. Rxf6+ Rxf5 36. R6xf5 Re8 37. Rd5+ Ke6 38. Rd2 Rh8 39. Re2+ Kd7 40.
Rf7+ Kc8 41. Rxg7 Rf8 42. Rc7+ Kb8 43. Rf7 Rg8 44. Ref2 Kc8 45. Rf8+ Rxf8 46. Rxf8+ Kd7 47. Rf7+ Ke6 48. Rxb7 Kd5 49. Bf2 Kc4 50. Rb6 Ne5 51. Rb4+ Kd3 52. Kf1 Kc2 53. Rd4 Nc6 54. a4 Kb3 55. Ke2 Kc2 56. h4 Ne7 57. h5 Nf5 58. g4 Nh6 59. g5 Nf5 60. h6 Kb3 61. h7 Kc2 62. h8=Q Kb3 63. Qb8+ Ka2 64. Qe5 Nxd4+ 65.
Qxd4 Kb3 66. Qd5+ Kc2 67. Qd1+ Kxb2 68. Bd4 Ka3 0-1

[Event "*** Titled Tuesday Blitz"]
[Site "Chess.com"]
[Date "2020.04.21"]
[Round "7"]
[White "MasterKroket"]
[Black "kreonx"]
[Result "1-0"]
[WhiteElo "2430"]
[BlackElo "2250"]
[TimeControl "180+1"]
[EndTime "11:23:42 PDT"]
[Termination "MasterKroket won on time"]

1. d4 f5 2. c4 Nf6 3. Nf3 d6 4. Nc3 g6 5. g3 Bg7 6. Bg2 O-O 7. O-O Qe8 8. d5 a5 9. Nd4 Na6 10. b3 Bd7 11. Bb2 Nc5 12. Qc2 c6 13. Rfe1 Rc8 14.
Rad1 Qf7 15. e3 Nfe4 16. Nxe4 Nxe4 17. f3 Nf6 18. e4 cxd5 19. exd5 Nxd5 20. Qe2 e5 21. f4 Nb4 22. fxe5 dxe5 23. Nf3 e4 24. Ne5 Bxe5 25. Bxe5 Nd3 26. Rxd3 exd3 27. Qxd3 Bc6 28. Bb2 Bxg2 29. Qc3 Qf6 30. Qxf6 Rxf6 31. Bxf6 Be4 32.
Rd1 Kf7 33. Bc3 a4 34. Rd7+ Ke6 35. Rxh7 axb3 36. axb3 b5 37. Rg7 f4 38. gxf4 bxc4 39. b4 Kf5 40. Rf7+ Kg4 41. Kf2 Ra8 42. Ke3 Bf5 43. b5 Ra3 44. Kd4 Kxf4 45. Kxc4 Kg4 46.
Kb4 Ra8 47. b6 Be4 48. Kc5 Rc8+ 49. Kd4 Bh1 50. Be1 Rb8 51. Kc5 Rc8+ 52. Kb5 Bg2 53. Bg3 Bf1+ 54. Kb4 Bg2 55. Bc7 Bb7 56. Kc5 Ba6 57.
Kd6 Kh3 58. Rh7+ Kg2 59. Ke7 Ra8 60. Kf6 Bd3 61. Kg5 Ra5+ 62. Kf6 Rb5 63. Rd7 Be4 64.
Rd2+ Kh3 65. Ke7 1-0

[Event "*** Titled Tuesday Blitz"]
[Site "Chess.com"]
[Date "2020.04.21"]
[Round "7"]
[White "JoachimMouhamad"]
[Black "DinaBelenkaya"]
[Result "0-1"]
[WhiteElo "2354"]
[BlackElo "2232"]
[TimeControl "180+1"]
[EndTime "11:23:42 PDT"]
[Termination "DinaBelenkaya won by checkmate"]

1. e4 d5 2. exd5 Qxd5 3. Nf3 Bg4 4. Be2 Nc6 5. h3 Bxf3 6. Bxf3 Qe6+ 7. Qe2 Nd4 8. Qxe6 Nxf3+ 9. gxf3 fxe6 10. d4 g6 11. Bf4 c6 12. Nd2 Bg7 13. c3 Nf6 14. Ne4 Nd7 15.
Ke2 O-O 16. Bg5 Rae8 17. h4 h6 18. Be3 e5 19. Rag1 Kh7 20. Rg2 exd4 21. Bxd4 Ne5 22. Bxe5 Bxe5 23. Rhg1 Rg8 24. a4 Ref8 25. Rd1 Rd8 26.
Rdg1 Rd5 27. Ke3 Bc7 28. Ke2 b5 29. axb5 cxb5 30. Rd1 Rxd1 31. Kxd1 Rd8+ 32. Ke2 a5 33. Rg1 Rd5 34. Rd1 Rxd1 35. Kxd1 Kg7 36. Ke2 Kf7 37. Kd3 Bb6 38. c4 b4 39. c5 Bc7 40.
Kc4 Ke6 41. Kb5 Kd5 42. b3 Bd8 43. c6 Bc7 44. Nd2 e6 45. Nc4 Bd8 46. Nb6+ Kd6 47.
Nc4+ Kd5 48. Ne3+ Kd6 49. Ng4 h5 50. Ne3 Bxh4 51. Kb6 Bd8+ 52. Kb7 h4 53. Nc4+ Kc5 54. Ne5 h3 55. Ng4 a4 56. bxa4 b3 57. c7 Bxc7 58.
Kxc7 b2 59. Kd7 b1=Q 60. Kxe6 Qe1+ 61. Kf6 h2 62. Kxg6 h1=Q 63. Kf5 Qhg1 64. Kf4 Qa1 65.
Ne5 Kb4 66. Nd3+ Kxa4 67. Ne5 Kb5 68. Kf5 Kc5 69. f4 Kd5 70. Ng4 Qab1+ 71. Kg5 Qbd1 72. f5 Qdxg4+ 73. Kf6 Qh1 74. f4 Qh6+ 75. Kf7 Qgg7+ 76.
Ke8 Qhh8# 0-1

[Event "*** Titled Tuesday Blitz"]
[Site "Chess.com"]
[Date "2020.04.21"]
[Round "7"]
[White "LionTheLeon_06"]
[Black "InitiatingASC"]
[Result "1/2-1/2"]
[WhiteElo "2621"]
[BlackElo "2474"]
[TimeControl "180+1"]
[EndTime "11:23:45 PDT"]
[Termination "Game drawn by repetition"]

1. d4 Nf6 2. c4 e6 3. Nc3 d5 4. Nf3 c5 5. cxd5 exd5 6. g3 Nc6 7. Bg2 Be7 8. O-O O-O 9. b3 Re8 10. Bb2 Bg4 11. dxc5 Bxc5 12. Rc1 Bb4 13. a3 Bf8 14. Re1 Qd7 15. b4 Rad8 16. Na4 Ne4 17. e3 Qf5 18. b5 Na5 19. Rc7 Qh5 20. h3 Bxh3 21. Nh2 Qxd1 22. Rxd1 Bxg2 23. Kxg2 Bd6 24. Rc2 Nc4 25. Rxd5 Nxb2 26.
Nxb2 Bxa3 27. Rxd8 Rxd8 28. Nc4 Bf8 29. Na5 Rd5 30. Nxb7 Rxb5 31. Nd8 g6 32. Rc7 Nd6 33. Ng4 h5 34. Nf6+ Kg7 35. Nd7 a5 36. Ra7 Be7 37.
Nc6 Bf6 38. Nxa5 Ne4 39. Nxf6 Kxf6 40. Nc4 Rc5 41. Ra6+ Kg7 42. Nd6 Nxd6 43. Rxd6 Rf5 44. Rd4 Rf6 45. Rd2 Rf5 46. e4 Re5 47. f3 Re6 48. Re2 Ra6 49. Rc2 Kf6 50. Rc5 Ke6 51. Rc2 Ra3 52. Kf2 Kf6 53. Re2 Ke6 54. Kg2 Rb3 55. Rf2 Kf6 56. Kh3 Ra3 57. Kg2 Re3 58.
Rb2 Kg5 59. Rb5+ Kf6 60. Kf2 Ra3 61. Rb6+ Kg7 62. Kg2 Ra2+ 63. Kg1 Ra5 64. Kf2 Ra2+ 65. Ke3 Ra3+ 66. Kf4 Ra5 67. Rc6 Rb5 68. Ra6 Rc5 69.
Ra7 Rb5 70. Ra3 Rb4 71. Rd3 Rb5 72. Rd5 Rb3 73. Ra5 Rb6 74. e5 Rb4+ 75. Ke3 Rb3+ 76.
Ke4 Rb4+ 77. Ke3 Rb3+ 78. Kf4 Rb4+ 79. Ke3 1/2-1/2

[Event "*** Titled Tuesday Blitz"]
[Site "Chess.com"]
[Date "2020.04.21"]
[Round "7"]
[White "Colombiano07"]
[Black "Yeytruyol"]
[Result "1-0"]
[WhiteElo "2217"]
[BlackElo "2366"]
[TimeControl "180+1"]
[EndTime "11:23:45 PDT"]
[Termination "Colombiano07 won on time"]

1. d4 Nf6 2. Bf4 d5 3. e3 c5 4. c3 Nc6 5. Bd3 e6 6. Nf3 Bd6 7. Bg3 O-O 8. Nbd2 b6 9. Ne5 Bb7 10. f4 Ne7 11. Qf3 Nf5 12. Bf2 Be7 13. O-O Nd6 14.
Bh4 Nfe4 15. Bxe7 Qxe7 16. Bxe4 Qd8 17. Bc2 Qe7 18. Qh3 f5 19. g4 g6 20. g5 Rfc8 21. Qh6 Qg7 22. Qxg7+ Kxg7 23. h4 b5 24. Bd3 c4 25. Be2 a5 26. a3 Rab8 27. Nd7 Ra8 28. Nb6 Rab8 29. Nxc8 Rxc8 30. Kf2 Bc6 31. Rh1 Rb8 32. h5 Nf7 33. hxg6 hxg6 34. Rh2 b4 35. axb4 axb4 36. Ra7 bxc3 37. bxc3 Rb2 38. Nf3 Bb7 39. Ne5 Nd6 40. Rh6 Ne4+ 41. Kf3 Nxc3 42. Rxg6+ Kf8 43. Rf6+ Ke8 44. Rxe6+ Kd8 45. Bf1 Ne4 46. Be2 Nc3 47. Rxb7 Rxb7 48. Bxc4 dxc4 49. Nxc4 Ne4 50. Nd6 Nd2+ 51. Ke2 Rb2 52. Kd3 Ne4 53. Nxe4 fxe4+ 54. Kxe4 Rb7 55. Re5 Kd7 56. Kf5 Rb6 57. g6 Rb2 58. Kf6 Rg2 59. Rg5 Ra2 60. g7 Ra6+ 61.
Kf7 Ra8 62. g8=Q Rxg8 63. Kxg8 Ke7 64. Kg7 Ke6 65. Kg6 Kd6 66. Kh5 Ke6 67. Kg4 Kd6 68.
Kf3 Ke6 69. e4 Kf6 70. Ke3 Ke6 71. Kd3 Kf6 72. Kc4 Ke6 73. Kc5 Kf6 74. Kc6 Ke6 75.
d5+ Kf6 76. Kc7 Ke7 77. d6+ Kf6 78. d7 Ke6 79. d8=Q Kf7 80. Rf5+ Kg7 81. Qg5+ Kh7 82. Rf7+ 1-0

[Event "*** Titled Tuesday Blitz"]
[Site "Chess.com"]
[Date "2020.04.21"]
[Round "7"]
[White "Semen_Khanin"]
[Black "swimmerchess"]
[Result "0-1"]
[WhiteElo "2643"]
[BlackElo "2847"]
[TimeControl "180+1"]
[EndTime "11:23:46 PDT"]
[Termination "swimmerchess won by resignation"]

1. e4 c5 2. Nf3 d6 3. d4 cxd4 4. Nxd4 Nf6 5. Nc3 a6 6. f3 e5 7. Nb3 Be7 8. Be3 Be6 9. Qd2 O-O 10. g4 d5 11. exd5 Nxd5 12. Nxd5 Bxd5 13. Bg2 Bh4+ 14.
Bf2 Bg5 15. Be3 Bh4+ 16. Bf2 Bxf2+ 17. Qxf2 Bc4 18. Nd2 Qa5 19. a3 Rd8 20. O-O-O Be6 21. f4 Nc6 22. f5 Bd5 23. Bxd5 Rxd5 24. Nc4 Qb5 25. Nb6 Rxd1+ 26. Rxd1 Rd8 27. Rxd8+ Nxd8 28. c4 Qc6 29. b3 h5 30. Nd5 Qh6+ 31. Kb2 hxg4 32. f6 Ne6 33. a4 Nf4 34. Ne7+ Kh8 35. fxg7+ Qxg7 36. Qh4+ Qh7 37. Qxg4 Qxh2+ 38. Ka3 Qg2 39. Qf5 Qg7 40. Qc8+ Kh7 41. Qf5+ Kh6 42. Qe4 Qf8 43. Qh1+ Kg7 44. Qxb7 Ng6 45. c5 Qxe7 46. Qd5 e4 47. Qd4+ f6 48. Qe3 f5 49. b4 f4 50. Qd4+ Qe5 51. Qd7+ Kf6 52. c6 e3 53. c7 Qc3+ 54. Ka2 Qc4+ 55. Ka3 Ne7 56. Qd6+ Kf7 57. Qd7 e2 58. Qd2 f3 59. Qe3 Nd5 60. Qe5 Nxc7 61.
Qf5+ Ke7 62. Qe5+ Ne6 63. Qe3 Qd4 64. Qxf3 e1=Q 65. Qb7+ Kf6 66. Qf3+ Nf4 67. Qb3 Qea1+ 0-1

[Event "*** Titled Tuesday Blitz"]
[Site "Chess.com"]
[Date "2020.04.21"]
[Round "7"]
[White "GM_LOADING"]
[Black "abubakrtagelsir"]
[Result "1/2-1/2"]
[WhiteElo "2508"]
[BlackElo "2360"]
[TimeControl "180+1"]
[EndTime "11:23:47 PDT"]
[Termination "Game drawn by agreement"]

1. e4 d6 2. d4 Nf6 3. Nc3 g6 4. Be3 c6 5. f3 Nbd7 6. Qd2 b5 7. g4 Nb6 8. O-O-O h5 9. g5 Nfd7 10. b3 a5 11. Kb1 a4 12. f4 Bg7 13. f5 O-O 14. Nh3 b4 15. Ne2 axb3 16. cxb3 c5 17. Nhf4 cxd4 18. Bxd4 Ne5 19. f6 exf6 20. gxf6 Bxf6 21.
Bxb6 Qxb6 22. Nd5 Qd8 23. Nxf6+ Qxf6 24. Nf4 Bb7 25. Bg2 Ng4 26. h3 Ne5 27. Rhf1 Qd8 28. Qxb4 Ba6 29. Rf2 Qh4 30. Qd4 Rfc8 31. Bf1 Bxf1 32.
Rdxf1 Ra6 33. Nd3 Rca8 34. Nxe5 dxe5 35. Qxe5 Re6 36. Qd5 Qxe4+ 37. Qxe4 Rxe4 38. Rxf7 Re2 39. a4 Rb8 40. R7f3 Rd8 41. R3f2 Re3 42. Rf3 Rdd3 43. Rxe3 Rxe3 44. Kb2 Rxh3 45. a5 Re3 46. a6 Re7 47.
b4 h4 48. b5 Re5 49. b6 Rb5+ 50. Kc3 Rxb6 51. Ra1 Rb8 52. a7 Ra8 53. Kd3 Kg7 54. Ke4 Kh6 55. Kf4 Kh5 56. Ra5+ Kh6 57. Kg4 Kg7 58.
Kxh4 Kf6 59. Kg4 Ke6 60. Kg5 Kd6 61. Kxg6 Kc6 62. Kf6 Kb6 63. Ra2 Rxa7 64. Rb2+ Kc6 65. Ke6 Rh7 66. Rc2+ Kb6 67. Rb2+ 1/2-1/2

[Event "*** Titled Tuesday Blitz"]
[Site "Chess.com"]
[Date "2020.04.21"]
[Round "7"]
[White "Lion-Al-Messi"]
[Black "lucliasco"]
[Result "0-1"]
[WhiteElo "2451"]
[BlackElo "2649"]
[TimeControl "180+1"]
[EndTime "11:23:48 PDT"]
[Termination "lucliasco won on time"]

1. d4 Nf6 2. Nf3 e6 3. Nc3 d5 4. Bg5 Bb4 5. e3 c5 6. Bb5+ Bd7 7. O-O O-O 8. Bd3 c4 9. Be2 Bxc3 10. bxc3 Bc6 11. Ne5 Qa5 12. Bxf6 gxf6 13. Ng4 f5 14. Nf6+ Kg7 15. Nh5+ Kh8 16. Qd2 Nd7 17. f3 Rg8 18. Kh1 Qd8 19. f4 Qh4 20. Qe1 Qe7 21. Rf3 Rg6 22. Rh3 Rag8 23. Bf3 Qa3 24. Qd2 Qe7 25. Qe1 Qa3 26. Qd2 Nf6 27. Nxf6 Rxf6 28. Qe1 Rfg6 29.
Qh4 h6 30. Bh5 Qxc3 31. Rf1 Qxc2 32. Bxg6 Rxg6 33. Qf2 Qe4 34. Rc1 b5 35. Rg3 Rxg3 36. hxg3 b4 37. a3 b3 38. Qd2 Kg7 39. Kg1 a5 40. Kf2 a4 41. Qc3 Be8 42. Rh1 Bb5 43.
Rd1 f6 44. Qb2 Kg6 45. Qc3 Kg7 46. Rh1 Be8 47. Rc1 h5 48. Re1 Bg6 49. Rc1 h4 50. Re1 hxg3+ 51. Kxg3 Bh5 52. Kf2 Bg4 53. Rg1 Kg6 54.
Re1 Bh5 55. Rh1 Qd3 56. Qxd3 cxd3 57. Ke1 Be2 58. Kd2 e5 59. Rc1 exf4 60. exf4 Kh5 61. Re1 Kg4 62. Kc3 Kxf4 63. Rh1 Ke3 64. Rh3+ Ke4 65.
Rh6 Kf4 66. Rxf6 b2 67. Rb6 Ke3 68. Rxb2 f4 69. Rd2 Bf1 70. Rd1 Be2 71. Rd2 Ke4 72.
Kb4 Kxd4 73. Kxa4 Kc3 74. Kb5 Kxd2 75. a4 Kc3 76. a5 d2+ 0-1

[Event "*** Titled Tuesday Blitz"]
[Site "Chess.com"]
[Date "2020.04.21"]
[Round "7"]
[White "Carnivoras"]
[Black "Shaman91"]
[Result "1-0"]
[WhiteElo "2623"]
[BlackElo "2828"]
[TimeControl "180+1"]
[EndTime "11:23:49 PDT"]
[Termination "Carnivoras won by resignation"]

1. d4 Nf6 2. Nf3 d6 3. g3 g6 4. Bg2 Bg7 5. O-O O-O 6. Nc3 Nbd7 7. e4 e5 8. dxe5 dxe5 9. Qe2 c6 10. Rd1 Qc7 11.
Be3 Re8 12. h3 a5 13. a4 Bf8 14. Nd2 b6 15. Qe1 Bc5 16. Bf1 Bxe3 17. Qxe3 Nc5 18.
Nb3 Nxb3 19. cxb3 Be6 20. Rac1 Qb7 21. Bc4 Bxc4 22. bxc4 Nd7 23. Rd6 Nc5 24. Rcd1 Qc7 25. Qg5 Nb3 26. Rd7 Qc8 27. Qf6 Rf8 28. Qxe5 Nc5 29. R7d6 Re8 30. Qf4 Ra7 31. Kg2 Rae7 32. Qf6 Re6 33. Rxe6 Qxe6 34. Qxe6 Rxe6 35. f3 Re8 36.
Rd6 Rc8 37. Kf2 Kf8 38. Ke3 Ke7 39. e5 Rc7 40. f4 Nd7 41. Ne4 Rc8 42. Ng5 Nc5 43. Nxh7 Nxa4 44. Rd2 Nc5 45. Ng5 b5 46. cxb5 cxb5 47. Rc2 Rc7 48. Ne4 Na6 49. Rxc7+ Nxc7 50. Nd6 Ke6 51. Nb7 a4 52. Nd8+ Ke7 53. Nc6+ Ke6 54. Ke4 Kd7 55. Nb4 Ne6 56. g4 Nc5+ 57. Kd5 Nb3 58. f5 gxf5 59. gxf5 Ke7 60. Nc6+ Kf8 61. h4 Nd2 62. Kc5 Nc4 63. Kxb5 Nxb2 64. Kb4 Ke8 65. Ka3 Nc4+ 66. Kxa4 Kd7 67. Kb5 Na3+ 68. Kc5 Nc2 69. Nd4 Ne3 70. h5 Ng4 71. Kd5 Ke7 72. Ke4 Kf8 73. Kf4 Nf2 74. Nf3 Kg7 75. Kg5 Nd3 76. f6+ Kh7 77. Kf5 Nc5 78. Ng5+ Kg8 79. h6 Nd7 80. h7+ 1-0

[Event "*** Titled Tuesday Blitz"]
[Site "Chess.com"]
[Date "2020.04.21"]
[Round "7"]
[White "Jumbo"]
[Black "Mikhail_Biryukov"]
[Result "1-0"]
[WhiteElo "2839"]
[BlackElo "2680"]
[TimeControl "180+1"]
[EndTime "11:23:51 PDT"]
[Termination "Jumbo won by resignation"]

1. d4 Nf6 2. c4 g6 3. g3 c6 4. Qa4 Bg7 5. Nc3 d5 6. cxd5 Nxd5 7. Nf3 O-O 8. Bg2 Nb6 9. Qd1 N8d7 10. Bf4 Nd5 11.
Bg5 h6 12. Bd2 N7b6 13. O-O Nc4 14. Bc1 Bg4 15. h3 Bxf3 16. Bxf3 Ndb6 17. e3 e5 18. d5 cxd5 19. Nxd5 Re8 20. Nc3 Qc8 21. Bg2 Rd8 22. Qe2 Nd6 23. Rd1 Qe6 24. Bd2 e4 25. Be1 Rac8 26.
Rac1 Kh7 27. b3 f5 28. Nb5 Nxb5 29. Qxb5 Bb2 30. Rb1 Be5 31. Bf1 a6 32. Qb4 Bf6 33. a4 Be7 34. Qa5 h5 35. h4 g5 36. hxg5 Bxg5 37. Bh3 Nd5 38. Rd4 Bf6 39. Rc4 h4 40.
gxh4 Bxh4 41. Rxc8 Rxc8 42. Rd1 Rg8+ 43. Kf1 Ne7 44.
Qc7 Qg6 45. Rd7 Rg7 46. Qe5 Qh5 47. Rxe7 Rxe7 48. Bxf5+ Kg8 49. Qb8+ Qe8 50. Qf4 Qf7 51. Qg4+ Kf8 52. Bb4 Bf6 53. Bxe4 Qe6 54. Bxe7+ Qxe7 55. Qc8+ Kg7 56. Qxb7 Qxb7 57. Bxb7 a5 58. Ke2 Bc3 59. Kd3 Be1 60. f4 Kf6 61. Bd5 Bf2 62. Ke4 Be1 63.
Kf3 Bd2 64. Bc4 Ke7 65. e4 Kf6 66. e5+ Kf5 67. Bd3+ Ke6 68. Ke4 Bc1 69. Bc4+ Ke7 70. f5 Bb2 71. f6+ Kf8 72. Kf5 Ba1 73. e6 Ke8 74. Bb5+ 1-0

[Event "*** Titled Tuesday Blitz"]
[Site "Chess.com"]
[Date "2020.04.21"]
[Round "7"]
[White "JiaHaoxiang"]
[Black "ChessQueen"]
[Result "0-1"]
[WhiteElo "2579"]
[BlackElo "2754"]
[TimeControl "180+1"]
[EndTime "11:23:51 PDT"]
[Termination "ChessQueen won by checkmate"]

1. d4 Nf6 2. Nf3 e6 3. c4 b6 4.
g3 Bb7 5. Bg2 Be7 6. O-O O-O 7.
d5 exd5 8. Nh4 c6 9. cxd5 Nxd5 10. Nf5 Nc7 11. e4 d5 12. Nc3 Bf6 13. exd5 Nxd5 14. Nxd5 cxd5 15. Bf4 Qd7 16. Nd6 Bc6 17. Bxd5 Bxd5 18. Qxd5 Nc6 19. Rac1 Ne7 20. Qd2 Ng6 21. Rfd1 Rad8 22. b3 Qg4 23. Rc4 Qf3 24. Re1 Nxf4 25. Rxf4 Qc3 26. Qxc3 Bxc3 27. Re3 Bd2 28. Nf5 Bxe3 29.
Nxe3 Rd2 30. Ra4 Rd7 31. Rc4 g6 32. Kg2 h5 33. Kf3 Kg7 34. a4 Re8 35. h4 Re5 36. b4 Ree7 37. a5 Rc7 38. Rd4 Red7 39. Re4 bxa5 40.
bxa5 Rc5 41. Nc4 f5 42. Rf4 Rd3+ 43. Kg2 Rc3 44. Nd6 Rxa5 45. Rb4 Rc2 46. Rb7+ Kf6 47.
Ne8+ Ke6 48. Ng7+ Kd5 49. Rd7+ Kc6 50. Rd3 Raa2 51. Rf3 Kd5 52. Ne8 Ke6 53. Ng7+ Kf7 54. Nxh5 gxh5 55. Rxf5+ Kg6 56. Rg5+ Kf6 57. Rxh5 Rxf2+ 58.
Kh3 Rh2+ 59. Kg4 Ra4+ 60. Kf3 Rb2 61. Rh6+ Kg7 62. Rd6 Rb3+ 63. Kg2 Rg4 64. Rd7+ Kh6 65. Rxa7 Rgxg3+ 66. Kf2 Rh3 67. Ra4 Rh2+ 68. Kg1 Rc2 69. Ra6+ Kh5 70. Ra5+ Kxh4 71. Ra1 Rcb2 72. Rf1 Rb1 73.
Rxb1 Rxb1+ 74. Kg2 Rb3 75. Kh2 Rg3 76. Kh1 Rd3 77. Kg2 Kg4 78. Kf2 Kf4 79. Ke2 Rd4 80. Kf2 Rd2+ 81. Kg1 Kf3 82. Kh1 Kg3 83. Kg1 Rd1# 0-1

[Event "*** Titled Tuesday Blitz"]
[Site "Chess.com"]
[Date "2020.04.21"]
[Round "7"]
[White "Fh2411"]
[Black "hongnhung1234"]
[Result "1-0"]
[WhiteElo "2467"]
[BlackElo "2169"]
[TimeControl "180+1"]
[EndTime "11:23:51 PDT"]
[Termination "Fh2411 won by checkmate"]

1. d4 f5 2. Nf3 Nf6 3. g3 g6 4. Bg2 Bg7 5. O-O O-O 6. c4 d6 7. Nc3 Qe8 8. d5 c6 9. Nd4 Bd7 10. b3 Na6 11. Bb2 Nc7 12. dxc6 bxc6 13. Qd2 Rd8 14. Nf3 Bc8 15. Na4 e5 16. Qa5 Qe7 17.
Qxa7 f4 18. Rad1 h6 19. c5 dxc5 20. Bxe5 Nfd5 21. Bxc7 Qxc7 22. Qxc7 Nxc7 23. Nxc5 Nd5 24. Na4 Ba6 25. Rfe1 Rfe8 26. Rc1 Bxe2 27. Rxc6 Nb4 28.
Rc7 Nd3 29. Rb1 g5 30. Nc5 Nxc5 31. Rxc5 Rd3 32. Ne1 Rd2 33. Bf1 Rxa2 34. Nd3 Bd4 35. Rcc1 Bxd3 36. Bxd3 Rxf2 37. Kh1 Rd2 38. Rd1 Rxd1+ 39.
Rxd1 Bc5 40. Bc4+ Kf8 41. gxf4 gxf4 42. Kg2 Re3 43. Rf1 Bd6 44. Rf3 Re1 45. Kh3 Rb1 46. Kg4 Ke7 47. h3 Rg1+ 48. Kh5 Rg3 49. Bd5 Rxf3 50. Bxf3 Kf6 51. Kxh6 Ke5 52. Kg6 Bb4 53.
h4 Kd4 54. h5 Ke3 55. Bc6 f3 56.
h6 f2 57. Bb5 Kd2 58. h7 Bc3 59. Bf1 Kc2 60. b4 Kd1 61. b5 Ke1 62. Bh3 Bd4 63.
b6 f1=Q 64. Bxf1 Kxf1 65. b7 Be5 66. b8=Q Bxb8 67. h8=Q Bg3 68. Kf5 Bf2 69. Qh3+ Ke2 70. Ke4 Ke1 71. Kd3 Bg1 72. Qg2 Bf2 73. Qh1+ Bg1 74. Qxg1# 1-0

[Event "*** Titled Tuesday Blitz"]
[Site "Chess.com"]
[Date "2020.04.21"]
[Round "7"]
[White "steepedgames"]
[Black "RestartingChess"]
[Result "0-1"]
[WhiteElo "2333"]
[BlackElo "2531"]
[TimeControl "180+1"]
[EndTime "11:24:00 PDT"]
[Termination "RestartingChess won by resignation"]

1. d4 Nf6 2. Bg5 g6 3. Bxf6 exf6 4. c4 Bg7 5. Nc3 O-O 6. g3 c6 7. Bg2 d6 8. e3 Be6 9. b3 f5 10. Nge2 d5 11. c5 Nd7 12. b4 a5 13. a3 axb4 14.
axb4 Rxa1 15. Qxa1 Qa8 16. O-O Nf6 17. Na4 Nd7 18.
Nec3 Qa6 19. Rb1 Ra8 20. Bf1 Qa7 21. Qb2 b5 22. cxb6 Nxb6 23. Ra1 Nxa4 24. Rxa4 Qb7 25.
Qa3 Rxa4 26. Nxa4 Bf8 27. Nc5 Bxc5 28. dxc5 Bd7 29. Qa5 Kf8 30. Qd8+ Kg7 31. Qa5 g5 32. Bd3 Qb8 33. Qa1+ Kg6 34. Qd4 h5 35. h4 gxh4 36. Qxh4 f6 37. g4 Qh8 38. gxf5+ Kf7 39. Kh2 Qh6 40.
f4 Qh7 41. Qh3 Ke7 42. Kg3 Qg7+ 43. Kf2 Qh8 44. Be2 Qb8 45. Qxh5 Qxb4 46. Qh7+ Kd8 47.
Qh8+ Kc7 48. Qxf6 Qxc5 49. Qe5+ Kb7 50. Qb2+ Kc8 51. Qe5 Qc2 52. Kf3 Qxf5 53. Ba6+ Kd8 54. Qh8+ Kc7 55. Qa8 Qe4+ 56. Kf2 Kd6 57. Qb8+ Kc5 58.
Qf8+ Kb6 59. Qa3 Bg4 60. Be2 Bxe2 61. Kxe2 Qg2+ 62. Kd3 Qf1+ 63. Kd2 Qf2+ 64. Kd3 Qf1+ 65. Kd4 Qd1+ 66. Ke5 Qd2 67. Qb3+ Kc5 68. f5 Qh2+ 69. Ke6 Qd6+ 70. Kf7 Qd7+ 71. Kg6 Qe8+ 72. Kg5 Qg8+ 73. Kf6 Qf8+ 74. Kg5 Qe7+ 75. Kf4 Qh4+ 76. Ke5 Qe4+ 77. Kf6 Qh4+ 78. Ke6 Qe4+ 79. Kf6 Qh4+ 80. Kg6 Qg4+ 81. Kf6 Kd6 82. Qa3+ Kd7 83. Qa7+ Kd6 84. Qd4 Qg8 85. e4 Qh8+ 86. Kf7 Qxd4 87. f6 Qxe4 0-1

[Event "*** Titled Tuesday Blitz"]
[Site "Chess.com"]
[Date "2020.04.21"]
[Round "7"]
[White "Gahan-MG"]
[Black "Azatnew"]
[Result "0-1"]
[WhiteElo "2604"]
[BlackElo "2784"]
[TimeControl "180+1"]
[EndTime "11:24:01 PDT"]
[Termination "Azatnew won by resignation"]

1. e4 e6 2. b3 d5 3. Bb2 dxe4 4. Nc3 Nf6 5. g4 h6 6. Bg2 Be7 7. Qe2 Nc6 8. Nxe4 Nxe4 9. Bxe4 Nd4 10. Qd3 Bf6 11.
O-O-O a5 12. h4 Nc6 13. Bxc6+ bxc6 14. Qxd8+ Kxd8 15. d4 Ke7 16. Nf3 g6 17. g5 Bg7 18.
Ba3+ Ke8 19. h5 gxh5 20. Rxh5 a4 21. Kb2 hxg5 22. Rxg5 Bf6 23. Rg3 Ba6 24. Rdg1 Kd7 25. Ne5+ Bxe5 26. dxe5 Rh5 27. Rf3 Rh7 28. Rf4 axb3 29. axb3 Rd8 30. Ra1 Bb7 31. Rb4 Kc8 32. Rf4 Rd2 33. Bb4 Re2 34. Bc3 c5 35. Re1 Rxe1 36.
Bxe1 Bd5 37. Bc3 Kb7 38. Rf6 Kc6 39. Rf4 Kd7 40. Ra4 Rh2 41. Rf4 Ke7 42. b4 c4 43. Bd4 Rh1 44. b5 Re1 45. b6 cxb6 46. Bxb6 Rxe5 47. Bc5+ Ke8 48. Bd4 Re2 49. Be3 f5 50.
Rd4 Kd7 51. Rd2 Re1 52. Kc3 Kc6 53. Kd4 Ra1 54. Ke5 Kb5 55. Bd4 Re1+ 56. Be3 Kb4 57. Kd4 Rb1 58. c3+ Kb5 59. Ke5 Ka4 60. Bd4 Kb3 61. Re2 Rd1 62. Re3 Rd2 63. f4 Rh2 64. Re1 Kb2 65. Re3 Rg2 66. Re1 Kc2 67.
Ra1 Re2+ 68. Kd6 Re4 69. Be5 Kd3 70. Rd1+ Kc2 71. Rd4 Re3 72. Kc5 Rxc3 73. Rxd5 exd5 74. Bxc3 Kxc3 75. Kxd5 Kd3 76. Ke5 c3 77. Kxf5 c2 78.
Kf6 c1=Q 79. Kf5 Ke3 80. Kg5 Qc5+ 81. f5 Ke4 82. Kg6 Qxf5+ 0-1

[Event "*** Titled Tuesday Blitz"]
[Site "Chess.com"]
[Date "2020.04.21"]
[Round "7"]
[White "SCIM"]
[Black "almaguerjm"]
[Result "1/2-1/2"]
[WhiteElo "2539"]
[BlackElo "2357"]
[TimeControl "180+1"]
[EndTime "11:24:02 PDT"]
[Termination "Game drawn by stalemate"]

1. d4 Nf6 2. c4 c5 3. d5 e6 4. Nc3 exd5 5. cxd5 d6 6. e4 g6 7. Nge2 Bg7 8. Ng3 O-O 9. Be2 h5 10.
Bg5 Bd7 11. O-O Re8 12. f3 Qb6 13. Qd2 Nh7 14. Be3 Na6 15. Nh1 Bd4 16. Nf2 Bxe3 17. Qxe3 Rac8 18. b3 Qa5 19. a4 Nb4 20. Rac1 Qd8 21.
Qd2 Qf6 22. Bb5 Bxb5 23. Nxb5 a6 24. Na3 Nf8 25. Nc4 Nd7 26. Kh1 b5 27. Ne3 Nb6 28.
a5 Nd7 29. Rfe1 Ne5 30. Nf1 Kg7 31. h3 Qd8 32. f4 Nd7 33. Ne3 Nf6 34. e5 dxe5 35.
f5 Nfxd5 36. fxg6 fxg6 37. Ne4 Nf4 38. Qf2 Nbd3 39. Qg3 Nxe1 40. Rxe1 Rf8 41. Rd1 Qe7 42.
Nd6 Rcd8 43. Ndf5+ Kf7 44. Nxe7 Kxe7 45. Rxd8 Rxd8 46.
Qg5+ Kd7 47. Qxe5 Ne6 48. Qd5+ Ke7 49. Qe5 Rd4 50. Nd5+ Kd7 51. Nf6+ Ke7 52. Nd5+ Kd7 53. Nb6+ Ke7 54. Kh2 h4 55. Qh8 g5 56. Qh7+ Kf6 57.
Qb7 Kf5 58. Qxa6 b4 59. Qf1+ Nf4 60. Nc4 Ke4 61. Qe1+ Kd5 62. Qf1 Re4 63. Qf3 Kd4 64.
Nd2 Re2 65. Nf1 Rxg2+ 66. Qxg2 Nxg2 67. Kxg2 c4 68. a6 cxb3 69. a7 Kc3 70. Nd2 Kxd2 71. a8=Q b2 72. Qd8+ Kc1 73. Qc7+ Kd2 74. Qd6+ Kc1 75.
Qc5+ Kd1 76. Qd4+ Kc2 77. Qc4+ Kd2 78. Qb3 Kc1 79. Qe3+ Kc2 80. Qe2+ Kc1 81. Qe1+ Kc2 82. Qxb4 b1=Q 83. Qxb1+ Kxb1 84. Kf3 Kc2 85. Kg4 Kd3 86.
Kxg5 Ke4 87. Kxh4 Ke5 88. Kh5 Kf6 89. Kh6 Kf7 90. Kh7 Kf6 91. h4 Kf7 92. h5 Kf8 93. Kg6 Kg8 94. h6 Kh8 95. h7 1/2-1/2